 Dungeon Crawl Stone Soup version 0.26.1-10-gdfb7c7de75 (webtiles) character file.

Game seed: 11181473092930572393

252 infcreate the Sneak (level 5, -1/29 HPs)
             Began as a Vampire Enchanter on Apr 8, 2021.
             Slain by a goblin
             ... wielding a +0 dagger
             ... led by Robin
              (3 damage)
             ... on level 4 of the Dungeon.
             The game lasted 00:20:43 (4653 turns).

infcreate the Sneak (Vampire Enchanter)             Turns: 4653, Time: 00:20:43

Health: -1/29      AC:  3    Str:  7    XL:     5   Next: 89%
Magic:  8/8        EV: 14    Int: 24    God:
Gold:   302        SH:  0    Dex: 15    Spells: 3/9 levels left

rFire    . . .     SeeInvis +   m - +2 dagger (venom)
rCold    + + .     Faith    .   (no shield)
rNeg     + + +     Spirit   .   b - +0 robe
rPois    ∞         Reflect  .   d - +0 helmet
rElec    .         Harm     .   (no cloak)
rCorr    .         Rampage  .   (no gloves)
Will     .....                  (no boots)
Stlth    +++++.....             (no amulet)
HPRegen  0.00/turn              Z - ring of wizardry
MPRegen  0.11/turn              I - +6 ring of intelligence

@: bloodless
A: fangs 3, see invisible, unbreathing
a: Bat Form, Revivify


You were on level 4 of the Dungeon.
You visited 1 branch of the dungeon, and saw 4 of its levels.

You collected 302 gold pieces.


Innate Abilities, Weirdness & Mutations

You do not regenerate when monsters are visible.
You are frail without blood (-20% HP).
You can heal yourself when you bite living creatures.
You are immune to poison.
You have razor-sharp teeth.
You have supernaturally acute eyesight. (SInv)
You can survive without breathing.


   Skills:
 + Level 1.3 Fighting
 * Level 3.0 Short Blades
 * Level 3.5 Dodging
 * Level 6.0 Stealth
 + Level 2.6 Spellcasting
 * Level 5.8 Hexes


You had 3 spell levels left.
You knew the following spells:

 Your Spells              Type           Power        Failure   Level
c - Corona                Hex            34%          1%          1
e - Ensorcelled Hibernat  Hex/Ice        34%          2%          2
t - Confusing Touch       Hex            31%          1%          3

Your spell library contained the following spells:

 Spells                   Type           Power        Failure   Level
 Tukima's Dance           Hex            31%          1%          3
 Dazzling Flash           Conj/Hex       34%          4%          3

Inventory:

Hand Weapons
 m - a +2 dagger of venom (weapon)
Armour
 b - a +0 robe (worn)
 d - a +0 helmet (worn)
Jewellery
 I - a +6 ring of intelligence (right hand)
 Z - a ring of wizardry (left hand)
Wands
 i - a wand of polymorph (8)
Scrolls
 c - a scroll of magic mapping {unknown}
 e - a scroll of remove curse {@r2}
 f - a scroll of amnesia {unknown}
 g - 4 scrolls of identify {@r1}
 n - a scroll of teleportation {@r4}
 o - a scroll of fog {unknown}
 q - a scroll of blinking {unknown}
Potions
 a - 3 potions of curing {@q1}
 h - 2 potions of mutation {unknown}
 j - 2 potions of heal wounds {unknown}
 k - a potion of flight {unknown}
 l - a potion of degeneration {unknown}
 p - 2 potions of haste {unknown}
 r - 2 potions of attraction {unknown}

Dungeon Overview and Level Annotations

Branches:
Dungeon (4/15)
 Temple: D:4-7

Altars:
Gozag
Sif Muna

Shops:
D:4

: .####.#.# #.# #.# ........#
#.# #.# #####.### ##'## #.#
#.# ##...## #.# ####.#
##.....## ####.# ##†##(#
#.......## ##.##.#
#.....####'####..####...#.#
......#.......#.gg........####
#.....#.≈≈.≈≈.#.@####.(......#
#...###.≈)≈.≈§#g## ##[##.##.#
#..## +..≈.≈.§'.# #.##.##.#
#... #§≈§≈.≈)### #....##.#
##.## #§≈≈.≈≈.# #..####.# #.#
#.§.....# #..# #.# #.#
####'####### ###..####.# #.#
#.#...... ..#.......# #.#
#....## #.##.######


You could see 3 goblins.


Message History

The goblin completely misses you.
You hit Robin. You bite Robin, but do no damage.
Robin is moderately wounded.
Robin misses you.
The goblin shoots a stone.
The stone barely misses you. The goblin closely misses you.
You hit Robin.
Robin is severely wounded.
Robin barely misses you.
The goblin shoots a stone.
The stone misses you. The goblin hits you with a +0 dagger.
* * * LOW HITPOINT WARNING * * *
You barely miss Robin.
Robin is severely wounded.
Robin roars a battlecry!
The goblin goes into a battle-frenzy!
The goblin shoots a stone.
The stone closely misses you.
You hit Robin.
You kill Robin!
The goblin hits you with a +0 dagger.
* * * LOW HITPOINT WARNING * * *
Your Stealth skill increases to level 6!
You closely miss the goblin. The goblin hits you with a +0 dagger.
* * * LOW HITPOINT WARNING * * *
You hit the goblin but do no damage.
The goblin no longer looks unusually strong.
The goblin closely misses you.
The goblin unwields a +0 hunting sling.
The goblin wields a +0 dagger.
The goblin misses you. The goblin hits you but does no damage.
You hit the goblin but do no damage.
The goblin is poisoned.
The goblin hits you with a +0 dagger.
You die...

Skill      XL: |  1  2  3  4  5 |
---------------+----------------+-----
Stealth        | 5 6 |  6.0
Hexes          | 5 |  5.8
Short Blades   | 2 3 |  3.0
Fighting       | 1 |  1.3
Dodging        | 3 |  3.5
Spellcasting   | |  2.6

Action                   |  1- 3 |  4- 6 || total
-------------------------+-------+-------++-------
Melee: Dagger            |   113 |    94 ||   207
       Bite              |     6 |     8 ||    14
 Cast: Corona            |    15 |    10 ||    25
       Ensorcelled Hiber |    26 |    21 ||    47
       Confusing Touch   |       |     1 ||     1
 Abil: Exsanguinate      |     1 |       ||     1
  Use: Scroll            |     2 |     5 ||     7
 Stab: Sleeping          |    27 |    22 ||    49
       Confused          |       |     1 ||     1
Armor: Robe              |    23 |    12 ||    35
Dodge: Dodged            |    90 |    65 ||   155

Levels and vault maps discovered:
D:1:      lightli_arrival_flooded_house, layout_basic, minmay_quantized
D:2:      layout_basic
D:3:      layout_rooms, lemuel_round_altar, nicolae_gozag_seed_capital,
          uniq_ijyb
D:4:      layout_loops_corners, serial_shops,
          nicolae_shop_temple_entry_statues_fountains,
          kennysheep_generic_room_9, uniq_robin

Notes
Turn   | Place    | Note
-------+----------+-------------------------------------------
     0 | D:1      | infcreate the Vampire Enchanter began the quest for the
                  | Orb.
     0 | D:1      | Reached XP level 1. HP: 13/13 MP: 3/3
   530 | D:1      | Reached XP level 2. HP: 15/15 MP: 5/5
   616 | D:1      | Learned a level 2 spell: Ensorcelled Hibernation
  1093 | D:2      | Reached XP level 3. HP: 20/20 MP: 0/6
  1097 | D:2      | Learned a level 3 spell: Confusing Touch
  1419 | D:2      | Reached skill level 5 in Stealth
  1511 | D:2      | Reached skill level 5 in Hexes
  2052 | D:2      | Reached skill level 2 in Short Blades
  2772 | D:2      | Reached XP level 4. HP: 24/24 MP: 2/7
  3085 | D:3      | Noticed Ijyb
  3088 | D:3      | Found an opulent altar of Gozag.
  3091 | D:3      | Killed Ijyb
  3092 | D:3      | Reached skill level 1 in Fighting
  3092 | D:3      | Reached skill level 3 in Dodging
  3103 | D:3      | Found a shimmering blue altar of Sif Muna.
  3476 | D:4      | Reached XP level 5. HP: 29/29 MP: 8/8
  3644 | D:4      | Found Ytteod's Book Shop.
  4299 | D:4      | Noticed Robin
  4522 | D:4      | Reached skill level 3 in Short Blades
  4650 | D:4      | Killed Robin
  4651 | D:4      | Reached skill level 6 in Stealth
  4651 | D:4      | HP: 2/29 [goblin/+0 dagger[Robin] (1)]
  4653 | D:4      | Slain by a goblin

Vanquished Creatures
  A hound (D:4)
  Ijyb (D:3)
  A hound skeleton (D:4)
  Robin (D:4)
  7 adders
  A gnoll (D:4)
  An ooze (D:1)
  An adder skeleton (D:4)
  2 worms (D:2)
  A dart slug (D:2)
  4 leopard geckos
  2 ball pythons
  6 giant cockroaches
  8 goblins
  8 hobgoblins
  9 jackals
  2 quokkas
  4 bats
  3 frilled lizards
  11 kobolds
  A leopard gecko skeleton (D:4)
  5 rats
80 creatures vanquished.

Table legend: (Time is in decaauts)
 A = Elapsed time spent in this place.
 B = Non-inter-level travel time spent in this place.
 C = Inter-level travel time spent in this place.
 D = Time resting spent in this place.
 E = Time spent auto-exploring this place.
 F = Levels seen in this place.
 G = Mean time per level.
                   A        B        C        D        E       F      G
               +--------+--------+--------+--------+--------+-----+--------+
         Total |   4636 |   4084 |    552 |   1110 |    480 |   4 | 1159.0 |
       Dungeon |   4636 |   4084 |    552 |   1110 |    480 |   4 | 1159.0 |
               +--------+--------+--------+--------+--------+-----+--------+

Top non-repeatable levels by time:
     D:2: 1750 daAuts
     D:4: 1219 daAuts
     D:1: 1063 daAuts
     D:3: 603 daAuts

Table legend:
 A = Non-vault XP
 B = Vault XP
 C = Vault XP percentage of total XP
 D = Non-vault monster count
 E = Vault monster count
 F = Vault count percentage of total count
                 A         B        C        D         E       F
            +---------+---------+-------+---------+---------+-------
      Total |     272 |      89 |  24.7 |      66 |      14 |  17.5
            +---------+---------+-------+---------+---------+-------
        D:1 |      28 |      10 |  26.3 |      15 |       3 |  16.7
        D:2 |      59 |       0 |   0.0 |      22 |       0 |   0.0
        D:3 |      60 |      36 |  37.5 |      15 |       1 |   6.2
        D:4 |     125 |      43 |  25.6 |      14 |      10 |  41.7
            +---------+---------+-------+---------+---------+-------
